cohdb
Replays
Latest Replays
All Replays
Popular Replays
Top Player Replays
Match Explorer
How It Works
Community
CoH3 Stats
Reddit
Sign in to upload your games and track your stats! →
Sign in with Steam
Match 45740910
Unlisted
Match 45740910
Overview
Messages
Build Orders
End
Construct Section Command Post
Vickers Machine Gun Team
ML 3-inch Mortar Team
Selects Canadian Shock Battlegroup
Infantry Section
Infantry Section
Construct Field Infirmary
Grenade Package
Selects Incendiary Munitions
Construct Platoon Command Post
6-pounder Anti-tank Gun Team
CMP 15cwt Truck
Selects Pyrotechnics
Infantry Training
Unlock Bishop Self-propelled Artillery
Bishop Self-propelled Artillery
Selects Attacking Spirit
Selects Canadian Shock Section
Bishop Self-propelled Artillery
CMP 15cwt Truck
Construct Company Command Post
Matilda II Heavy Tank
Oreo
Steken
potatoo
mr_ako
Cooter McGavin
Ziggurat
0
0
Comments
sign in to comment!
No comments posted yet!